 Dungeon Crawl Stone Soup version 0.27-a0-385-g3208abaabc (webtiles) character file.

Game seed: 12125981688773034129

3822 jestyr24 the Destroyer (level 9, -20/74 HPs)
             Began as a Green Draconian Conjurer on Feb 19, 2021.
             Was a Believer of Vehumet.
             Demolished by a two-headed ogre
             ... wielding a +0 giant club
              (25 damage)
             ... on level 8 of the Dungeon.
             The game lasted 01:03:56 (10874 turns).

jestyr24 the Destroyer (Green Draconian Conjurer)  Turns: 10874, Time: 01:03:57

Health: -20/74     AC:  9    Str: 10    XL:     9   Next: 97%
Magic:  0/19       EV: 14    Int: 21    God:    Vehumet [**....]
Gold:   453        SH:  0    Dex: 10    Spells: 18/22 levels left

rFire    . . .     SeeInvis +   E - +3 quarterstaff (speed)
rCold    . . .     Faith    .   (shield currently unavailable)
rNeg     + . .     Spirit   +   (armour unavailable)
rPois    +         Reflect  .   (helmet restricted)
rElec    .         Harm     .   (no cloak)
rCorr    .         Rampage  .   j - +1 pair of gloves
Will     .....                  (no boots)
Stlth    ++........             B - amulet of guardian spirit
HPRegen  0.22/turn              o - ring of positive energy
MPRegen  0.16/turn              I - ring of see invisible

@: no status effects
A: breathe noxious fumes, unfitting armour, poison resistance, cold-blooded, AC
+7
a: Breathe Noxious Fumes, Renounce Religion


You were on level 8 of the Dungeon.
You worshipped Vehumet.
Vehumet was pleased with you.
You visited 2 branches of the dungeon, and saw 9 of its levels.
You also visited: Sewer.

You collected 453 gold pieces.

Inventory:

Hand Weapons
 f - a +1 dagger of holy wrath
 z - a +2 dagger of pain
 E - a +3 quarterstaff of speed (weapon)
 F - a +1 hand axe of flaming
 G - a +3 hand axe
 J - a +1 mace of protection
Missiles
 m - 42 poisoned darts
 u - 7 silver boomerangs
Armour
 j - a +1 pair of gloves (worn)
 C - a +0 pair of gloves
Jewellery
 o - a ring of positive energy (left hand)
 B - an amulet of guardian spirit (around neck)
 I - a ring of see invisible (right hand)
Wands
 p - a wand of polymorph (10)
Scrolls
 c - 11 scrolls of identify {unknown}
 l - a scroll of enchant weapon
 n - a scroll of fear
 r - a scroll of magic mapping
Potions
 a - 3 potions of resistance {unknown}
 b - a potion of magic {unknown}
 e - a potion of haste {unknown}
 g - 3 potions of curing
 h - 2 potions of flight
 i - a potion of degeneration {unknown}
 t - a potion of mutation {unknown}
 v - 2 potions of berserk rage {unknown}
 w - 2 potions of attraction {unknown}
 x - a potion of lignification {unknown}
 A - a potion of cancellation {unknown}
 H - a potion of heal wounds


   Skills:
 * Level 5.0 Fighting
 - Level 0.1 Short Blades
 * Level 3.2 Staves
 + Level 6.1 Dodging
 + Level 4.4 Stealth
 - Level 0.1 Unarmed Combat
 + Level 7.3 Spellcasting
 + Level 8.3 Conjurations


You had 18 spell levels left.
You knew the following spells:

 Your Spells              Type           Power        Failure   Level
a - Magic Dart            Conj           100%         1%          1
b - Searing Ray           Conj           84%          1%          2
c - Shock                 Conj/Air       100%         1%          1

Your spell library contained the following spells:

 Spells                   Type           Power        Failure   Level
 Inner Flame              Hex/Fire       7%           26%         3
 Dazzling Flash           Conj/Hex       50%          4%          3
 Fulminant Prism          Conj/Hex       12%          16%         4
 Iskenderun's Mystic Bla  Conj/Tloc      25%          16%         4


Dungeon Overview and Level Annotations

Branches:
Dungeon (8/15)             Temple (1/1) D:4           Sewer (visited)
   Lair: D:8-11

Altars:
Ashenzari
Cheibriados
Dithmenos
Elyvilon
Fedhas
Gozag
Hepliaklqana
Kikubaaqudgha
Makhleb
Nemelex Xobeh
Okawaru
Qazlal
Sif Muna
Trog
Uskayaw
Vehumet
Xom
Yredelemnul
Zin
The Shining One

Shops:
D:7 (


Innate Abilities, Weirdness & Mutations

You can breathe blasts of noxious fumes.
Your lurid green scales are hard. (AC +7)
You cannot fit into any form of body armour.
Your system is resistant to poisons. (rPois)
You are cold-blooded and may be slowed by cold attacks.


Message History

The searing ray hits the ogre.
The ogre is heavily wounded.
The ogre barely misses you.
The searing ray hits the ogre!
The ogre is almost dead.
You finish channeling your searing ray.
The ogre misses you. The ogre barely misses you.
You hit the ogre.
The ogre is almost dead.
You hit the ogre.
You kill the ogre!
Vehumet accepts your kill.
You feel your power returning.
You start resting.
A two-headed ogre is nearby!
Casting: Searing Ray (safe; 1% risk of failure)
Confirm with . or Enter, or press ? or * to list all spells.
Aiming: Searing Ray (safe; 1% risk of failure)
Press: ? - help, Shift-Dir - straight line, f - two-headed ogre
Aim: a two-headed ogre, wielding two +0 giant clubs (lightly wounded, 9% to evade)
The searing ray hits the two-headed ogre.
The two-headed ogre is lightly wounded. (Press . to maintain the ray.)
The searing ray hits the two-headed ogre!
The two-headed ogre is heavily wounded.
The searing ray hits the two-headed ogre!
The two-headed ogre is heavily wounded.
The two-headed ogre hits you with a +0 giant club!!
* * * LOW HITPOINT WARNING * * *
The two-headed ogre hits you with a +0 giant club.
* * * LOW HITPOINT WARNING * * *
The searing ray hits the two-headed ogre!
The two-headed ogre is severely wounded.
You finish channeling your searing ray.
The two-headed ogre closely misses you.
The two-headed ogre hits you with a +0 giant club!
* * * LOW HITPOINT WARNING * * *
You thump the two-headed ogre!
The two-headed ogre is almost dead.
The two-headed ogre hits you with a +0 giant club!!
You die...

##..## ##....##
##......##
#........##
##'##......## ###**
#...#.......# #$.,*
#O..#.......#
#cCc*##...#).....##
*,.5##....#....O@#
***###...###....##
###....# ##..##
###.....## ####
.......## ***
......## *,**
....### *,,**
#####******,,,**
*,,,,,,,,,,,,,*


You could see a two-headed ogre.

Vanquished Creatures
  A two-headed ogre (D:8)
  3 yaks (D:6)
  2 ice beasts
  A black bear (D:7)
  2 eyes of draining (D:4)
  2 sky beasts
  An ogre (D:8)
  4 centaurs
  A phantom (D:4)
  A kobold brigand (Sewer)
  2 bullfrogs
  A water moccasin zombie (D:7)
  4 scorpions
  5 howler monkeys
  A bullfrog zombie (D:6)
  A centaur zombie (D:8)
  2 bullfrog skeletons
  6 orc priests
  A centaur skeleton (D:7)
  2 iguanas
  6 worker ants
  A killer bee zombie (D:6)
  2 howler monkey zombies
  9 adders
  10 gnolls
  A howler monkey skeleton (D:7)
  3 river rats
  An ooze (D:2)
  2 adder zombies
  4 worms
  2 dart slugs (D:1)
  4 leopard geckos
  31 orcs
  4 ball pythons
  13 giant cockroaches
  8 goblins
  5 hobgoblins
  10 jackals
  14 kobolds
  A quokka (D:4)
  7 bats
  3 frilled lizards
  14 rats
198 creatures vanquished.

Notes
Turn   | Place    | Note
-------+----------+-------------------------------------------
     0 | D:1      | jestyr24 the Draconian Conjurer began the quest for the
                  | Orb.
     0 | D:1      | Reached XP level 1. HP: 14/14 MP: 3/3
   171 | D:1      | Reached XP level 2. HP: 18/20 MP: 1/5
  1181 | D:1      | Reached XP level 3. HP: 26/26 MP: 3/6
  1875 | D:2      | Learned a level 2 spell: Searing Ray
  1901 | D:2      | Reached skill level 1 in Fighting
  2011 | D:1      | Reached XP level 4. HP: 27/35 MP: 1/7
  2733 | D:2      | Found an iron altar of Okawaru.
  2741 | D:2      | Reached XP level 5. HP: 37/40 MP: 1/9
  3117 | D:2      | Reached skill level 5 in Conjurations
  5116 | D:4      | Found a staircase to the Ecumenical Temple.
  5126 | D:4      | Noticed a phantom
  5143 | D:4      | Killed a phantom
  5144 | D:4      | Reached XP level 6. HP: 31/48 MP: 1/10
  5150 | Temple   | Entered the Ecumenical Temple
  5397 | Temple   | Became a worshipper of Vehumet
  6186 | D:4      | Your scales start taking on a lurid green colour.
  6186 | D:4      | Reached XP level 7. HP: 55/55 MP: 12/12
  6186 | D:4      | Gained mutation: Your system is resistant to poisons.
                  | (rPois) [Green Draconian growth]
  6458 | D:4      | Found a bloodstained altar of Trog.
  6483 | D:4      | Reached skill level 6 in Conjurations
  6747 | D:5      | Entered Level 5 of the Dungeon
  6847 | D:5      | Reached * piety under Vehumet
  6847 | D:5      | Offered knowledge of Shock by Vehumet.
  6850 | D:5      | Learned a level 1 spell: Shock
  7163 | D:5      | Reached XP level 8. HP: 44/62 MP: 9/14
  7580 | D:5      | Found a hazy altar of Hepliaklqana.
  8025 | D:6      | Reached skill level 5 in Spellcasting
  8197 | D:6      | Reached skill level 7 in Conjurations
  8201 | D:6      | Reached skill level 5 in Dodging
  8278 | D:6      | Found a glowing drain.
  8286 | Sewer    | Entered a sewer
  8288 | Sewer    | Offered knowledge of Freeze by Vehumet.
  8290 | Sewer    | Reached ** piety under Vehumet
  8487 | Sewer    | Found a white marble altar of Elyvilon.
  8683 | D:6      | Reached XP level 9. HP: 49/70 MP: 6/18
  9296 | D:7      | Found a glowing silver altar of Zin.
  9343 | D:7      | Found Askissaole's Antique Weapon Shoppe.
  9386 | D:7      | Reached skill level 1 in Staves
  9503 | D:7      | Offered knowledge of Inner Flame by Vehumet.
  9955 | D:8      | Noticed a two-headed ogre
  9964 | D:8      | Killed a two-headed ogre
  9965 | D:8      | Reached skill level 8 in Conjurations
 10394 | D:8      | Noticed a cyclops
 10478 | D:8      | Noticed a two-headed ogre
 10815 | D:8      | Reached skill level 5 in Fighting
 10874 | D:8      | Demolished by a two-headed ogre

Illustrated notes

Levels and vault maps discovered:
D:1:      minmay_arrival_up_and_down, layout_loops_ring
D:2:      layout_basic, okawaru_altar_gauntlet_db, minmay_vboxes
D:3:      layout_basic
D:4:      layout_basic, trog_eyes_of_draining, minmay_temple_entry_arrows
D:5:      layout_cave_pools, nzn_hepliaklqana_mist_gate, serial_rivers,
          chequers_serial_rivers_large_b, chequers_serial_rivers_small_a,
          chequers_serial_rivers_marsh, chequers_serial_rivers_room_b,
          chequers_serial_rivers_room_b
D:6:      layout_rooms, portal_sewer_entry_a
D:7:      layout_basic, zin_statuary, serial_shops, shop_fountains
D:8:      layout_cave_pods, pdpol_wu_jian_five_deadly_venoms,
          nicolae_ru_path_of_blood, lightli_corner_chamber, uniq_grum
Temple:   nicolae_temple_elliptical

Skill      XL: |  1  2  3  4  5  6  7  8  9 |
---------------+----------------------------+-----
Dodging        | 2 3 4 5 6 |  6.1
Stealth        | 2 3 4 |  4.4
Fighting       | 1 2 3 5 |  5.0
Conjurations   | 5 6 7 8 |  8.3
Spellcasting   | 3 4 6 7 |  7.3
Staves         | 3 |  3.2
Short Blades   | |  0.1
Unarmed Combat | |  0.1

Action                   |  1- 3 |  4- 6 |  7- 9 || total
-------------------------+-------+-------+-------++-------
Melee: Unarmed           |     9 |       |       ||     9
       Dagger            |    61 |    76 |    35 ||   172
       Tailslap          |     3 |    10 |     5 ||    18
       Quarterstaff      |       |       |    18 ||    18
 Cast: Magic Dart        |    65 |    18 |    21 ||   104
       Searing Ray       |     2 |    49 |    86 ||   137
 Abil: Breathe Noxious F |       |       |     1 ||     1
  Use: Scroll            |       |       |    10 ||    10
       Potion            |       |       |     2 ||     2
Armor: Skin              |    35 |    35 |    49 ||   119
Dodge: Dodged            |    80 |    87 |   130 ||   297

Table legend: (Time is in decaauts)
 A = Elapsed time spent in this place.
 B = Non-inter-level travel time spent in this place.
 C = Inter-level travel time spent in this place.
 D = Time resting spent in this place.
 E = Time spent auto-exploring this place.
 F = Levels seen in this place.
 G = Mean time per level.
                   A        B        C        D        E       F      G
               +--------+--------+--------+--------+--------+-----+--------+
         Total |  10964 |  10696 |    268 |   3724 |   3766 |  10 | 1096.4 |
       Dungeon |  10267 |  10061 |    206 |   3494 |   3608 |   8 | 1283.4 |
        Temple |    414 |    352 |     62 |    121 |    158 |   1 |  414.0 |
         Sewer |    282 |    282 |      0 |    109 |      0 |   1 |  282.0 |
               +--------+--------+--------+--------+--------+-----+--------+

Top non-repeatable levels by time:
     D:2: 2082 daAuts
     D:1: 1851 daAuts
     D:4: 1496 daAuts
     D:5: 1168 daAuts
     D:7: 1066 daAuts
     D:6: 919 daAuts
     D:3: 902 daAuts
     D:8: 780 daAuts
  Temple: 414 daAuts
   Sewer: 282 daAuts
